 Dungeon Crawl Stone Soup version 0.17.0-26-gececa24 (console) character file.

2525 gw the Eye of the Storm (level 9, -2/78 HPs)
             Began as a Hill Orc Gladiator on Nov 20, 2015.
             Was a Priest of Qazlal.
             Killed from afar by an electric eel (10 damage)
             ... with a bolt of electricity
             ... on level 8 of the Dungeon.
             The game lasted 00:05:19 (7295 turns).

gw the Eye of the Storm (Hill Orc Gladiator)        Turns: 7295, Time: 00:05:19

Health: -2/78      AC: 11    Str: 18    XL:     9   Next: 54%
Magic:  16/16      EV:  8    Int:  8    God:    Qazlal [***...]
Gold:   354        SH:  3    Dex: 14    Spells: 0 memorised, 8 levels left

rFire  . . .     SeeInvis .     a - +2 war axe
rCold  . . .     Clarity  .     m - +0 chain mail
rNeg   . . .     SustAt   .     (no shield)
rPois  .         Gourm    .     c - +0 helmet
rElec  .         Spirit   .     (no cloak)
rCorr  .         Warding  .     j - +1 pair of gloves
rMut   .         Stasis   .     (no boots)
MR     .....                    (no amulet)
Stlth  ..........               r - -2 ring of protection (curse)
                                n - +5 ring of slaying

@: very slightly contaminated, not resistant to hostile enchantments, extremely
unstealthy
A: no striking features
a: Upheaval, Elemental Force, Renounce Religion


You were on level 8 of the Dungeon.
You worshipped Qazlal.
Qazlal was most pleased with you.
You were not hungry.

You visited 1 branch of the dungeon, and saw 8 of its levels.

You collected 354 gold pieces.

Inventory:

Hand Weapons
 a - a +2 war axe (weapon)
Missiles
 d - 3 throwing nets
 f - 337 stones (quivered)
 q - 52 poisoned needles
 B - a javelin
Armour
 c - a +0 helmet (worn)
 j - a +1 pair of gloves (worn)
 m - a +0 chain mail (worn)
Jewellery
 n - a +5 ring of slaying (left hand)
 r - a cursed -2 ring of protection (right hand)
Wands
 b - a wand of cold (9)
 s - a wand of polymorph (11)
 t - a wand of confusion (15)
 u - a wand of random effects (5)
Scrolls
 h - 12 scrolls of identify
 i - 3 scrolls of recharging
 o - 4 scrolls of teleportation
 x - 2 scrolls of remove curse
Potions
 k - a potion of flight
 l - a potion of brilliance
 v - a potion of invisibility
Comestibles
 e - 8 bread rations
 g - 7 fruits
 p - 3 beef jerkies
 w - 2 slices of pizza
 A - a meat ration


   Skills:
 + Level 6.7 Fighting
 + Level 7.7 Axes
 + Level 5.2 Throwing
 + Level 5.0 Armour
 - Level 2.4 Dodging
 * Level 9.4 Invocations


You had 8 spell levels left.
You didn't know any spells.

Dungeon Overview and Level Annotations

Branches:
Dungeon (8/15)             Temple (0/1) D:7
   Lair: D:8-11

Altars:
Gozag
Qazlal
Ru

Shops:
D:6 ::=:   D:7 !


Message History

An electric eel comes into view.
The electric eel shoots out a bolt of lightning at you!
The bolt of electricity hits you!
Found a scroll of enchant weapon.
ATTACK MOVE TO (1,-1)
The electric eel shoots out a bolt of lightning at you!
The bolt of electricity hits you!
ATTACK MOVE TO (1,1)
Your chain mail prevents you from hitting the worker ant.
The electric eel shoots out a bolt of lightning at you!
The bolt of electricity hits you! The worker ant bites you.
ATTACK MOVE TO (1,1)
You barely miss the worker ant. The worker ant completely misses you.
The electric eel shoots out a bolt of lightning at you!
The bolt of electricity hits you!
The electric eel shoots out a bolt of lightning at you!
The bolt of electricity hits you! The worker ant closely misses you.
The electric eel shoots out a bolt of lightning at you!
The bolt of electricity hits you!
You die...

~~....~~....~~~
~;~...~~~...~~~~
~~~~........~~~~~
...~~....[...~~~~~
...~........~~~~~~
............~;~~~~
.............~~~~~
...........o¤....?.
..........¤¤a......
.........¤.........
###+##.##.#.#.####.#....
....#.##.#.#.# .# #..
##...#.##.#.#.####.# .
.#...#.##.#..........
.#...#.##.#.#.####.#.
.#...#.##.#.#.....


You could see a worker ant and 2 electric eels.

Table legend:
 A = Turns spent in this place as a percentage of turns spent in the entire game.
 B = Non-inter-level travel turns spent in this place as a percentage of non-inter-level travel turns spent in the entire game.
 C = Inter-level travel turns spent in this place as a percentage of turns spent in this place.
 D = Turns resting spent in this place as a percentage of non-inter-level travel turns spent in this place.
 E = Turns spent auto-exploring this place as a percentage of non-inter-level travel turns spent in this place.
 F = Non-inter-level travel turns spent in this place divided by the number of levels of this place that you've seen.
                   A       B       C       D       E      F
               +-------+-------+-------+-------+-------+----------------------
         Total | 100.0 | 100.0 |   0.4 |   1.0 |   2.6 | 1265.6
       Dungeon | 100.0 | 100.0 |   0.4 |   1.0 |   2.6 | 1265.6
               +-------+-------+-------+-------+-------+----------------------

Table legend:
 A = Kills in this place as a percentage of kills in entire the game.
 B = Kills by you in this place as a percentage of kills by you in the entire game.
 C = Kills by friends in this place as a percentage of kills by friends in the entire game.
 D = Other kills in this place as a percentage of other kills in the entire game.
 E = Experience gained in this place as a percentage of experience gained in the entire game.
 F = Experience gained in this place divided by the number of levels of this place that you have seen.
                   A       B       C       D       E      F
               +-------+-------+-------+-------+-------+----------------------
         Total | 100.0 | 100.0 |  -nan |  -nan | 100.0 | 451.0
       Dungeon | 100.0 | 100.0 |  -nan |  -nan | 100.0 | 451.0
               +-------+-------+-------+-------+-------+----------------------

Vanquished Creatures
  The ghost of kylecrane the Conjurer, a novice TeFE of Vehumet (D:5)
  Sigmund (D:3)
  Menkaure (D:5)
  Duvessa (D:4)
  An ice beast (D:7)
  A necrophage (D:7)
  A sky beast (D:7)
  A black bear (D:6)
  3 ogres
  A big kobold (D:4)
  A giant frog (D:5)
  Dowan (D:4)
  2 scorpions
  4 crimson imps
  3 hounds
  2 centaur skeletons
  A giant frog skeleton (D:6)
  10 orc wizards
  Terence (D:3)
  Natasha (thrice) (D:3)
  4 worker ants
  An iguana (D:6)
  A hound skeleton (D:6)
  2 gnolls (D:4)
  14 adders
  A shadow imp (D:6)
  2 worms
  12 orcs
  A ball python (D:2)
  7 giant cockroaches
  12 hobgoblins
  8 jackals
  3 quokkas
  9 bats
  6 giant geckos
  5 giant newts
  8 goblins
  4 kobolds
  A quokka skeleton (D:4)
  15 rats
156 creatures vanquished.

Vanquished Creatures (others)
  An orc (D:6)
1 creature vanquished.

Grand Total: 157 creatures vanquished

Notes
Turn   | Place    | Note
--------------------------------------------------------------
     0 | D:1      | gw the Hill Orc Gladiator began the quest for the Orb.
     0 | D:1      | Reached XP level 1. HP: 18/18 MP: 1/1
   161 | D:1      | Reached XP level 2. HP: 25/25 MP: 2/2
   800 | D:1      | Reached XP level 3. HP: 30/30 MP: 3/3
   881 | D:1      | Reached skill level 1 in Armour
  1235 | D:2      | Reached skill level 5 in Axes
  1402 | D:2      | Reached XP level 4. HP: 34/37 MP: 4/4
  1519 | D:2      | Found a stormy altar of Qazlal.
  1527 | D:2      | Became a worshipper of Qazlal Stormbringer
  1661 | D:2      | Found a sacrificial altar of Ru.
  1833 | D:3      | Reached skill level 1 in Invocations
  1915 | D:3      | Found a faded altar to an unknown god.
  1963 | D:3      | Noticed Terence
  1980 | D:3      | Killed Terence
  1980 | D:3      | Reached XP level 5. HP: 41/45 MP: 4/6
  2044 | D:3      | Noticed Natasha
  2046 | D:3      | Killed Natasha
  2051 | D:3      | Noticed Natasha
  2056 | D:3      | Killed Natasha
  2209 | D:3      | Noticed Natasha
  2252 | D:3      | Killed Natasha
  2392 | D:3      | Reached * piety under Qazlal
  2414 | D:3      | Reached XP level 6. HP: 52/52 MP: 6/8
  2494 | D:3      | Noticed Sigmund
  2681 | D:3      | Killed Sigmund
  2846 | D:3      | Found a stormy altar of Qazlal.
  3074 | D:4      | Noticed Duvessa
  3074 | D:4      | Noticed Dowan
  3088 | D:4      | Killed Duvessa
  3088 | D:4      | Reached XP level 7. HP: 40/60 MP: 8/10
  3285 | D:4      | Killed Dowan
  3285 | D:4      | Reached skill level 6 in Axes
  3376 | D:4      | Reached skill level 5 in Invocations
  4241 | D:5      | Entered Level 5 of the Dungeon
  4245 | D:5      | Reached skill level 5 in Fighting
  4263 | D:5      | Noticed kylecrane's ghost (novice TeFE)
  4443 | D:5      | Killed kylecrane's ghost
  4443 | D:5      | Reached XP level 8. HP: 39/68 MP: 11/13
  4652 | D:5      | Reached skill level 7 in Invocations
  4749 | D:5      | Noticed Menkaure
  4754 | D:5      | Killed Menkaure
  4783 | D:5      | Reached ** piety under Qazlal
  4978 | D:5      | Found an opulent altar of Gozag.
  5159 | D:6      | Reached skill level 8 in Invocations
  5233 | D:6      | Found Meusadwo's Book Shop.
  5244 | D:6      | Found Girol's Book Shoppe.
  5380 | D:6      | Reached XP level 9. HP: 64/75 MP: 15/15
  5509 | D:6      | Found Aphon's Jewellery Shop.
  5704 | D:6      | Found Daqiatiz's Book Emporium.
  6315 | D:7      | Reached skill level 9 in Invocations
  6674 | D:7      | Found Oleigo's Distillery.
  6870 | D:7      | Reached skill level 5 in Throwing
  7082 | D:7      | Found a staircase to the Ecumenical Temple.
  7119 | D:7      | Reached skill level 5 in Armour
  7262 | D:8      | Reached *** piety under Qazlal
  7295 | D:8      | Killed from afar by an electric eel

Action                   |  1- 3 |  4- 6 |  7- 9 || total
-------------------------+-------+-------+-------++-------
Melee: War axe           |    78 |    56 |   142 ||   276
Throw: Stone             |    72 |    37 |    58 ||   167
       Javelin           |    14 |    17 |    32 ||    63
       Tomahawk          |       |     7 |    20 ||    27
Evoke: Wand              |       |     8 |     4 ||    12
  Use: Scroll            |     4 |     7 |     7 ||    18
       Potion            |     1 |     1 |     4 ||     6
  Eat: Chunk             |     2 |     5 |     8 ||    15
       Meat ration       |       |       |     1 ||     1

Vault maps used:
D:1:      dpeg_arrival_prison
D:2:      overflow_temple_1_default, lemuel_coloured_pillars_altar
D:3:      ecumenical_altar_1, grunt_qazlal_clouds, uniq_sigmund, uniq_terence,
          uniq_natasha
D:4:      hex_tiny, amalloy_card_club, uniq_duvessa
D:5:      lemuel_doored_altar, first_bread, kennysheep_potato, uniq_menkaure
D:6:      serial_shops, nicolae_shop_waterfront, shop, nicolae_shop_crystal,
          nicolae_shop_temple_entry_statues_fountains, shop,
          nrook_mini_backslash
D:7:      temple_hall, serial_shops, nicolae_shop_crystal
D:8:      wad_woods_stonehenge, uniq_gastronok
